 Dungeon Crawl Stone Soup version 0.31-a0-152-g6aa68a64a1 (webtiles) character file.

Game seed: 12787196883843215364

4935 qw the Skirmisher (level 10, -10/91 HPs)
             Began as a Minotaur Hunter on June 10, 2023.
             Mangled by a troll (11 damage)
             ... on level 8 of the Dungeon.
             The game lasted 00:02:56 (7406 turns).

qw the Skirmisher (Minotaur Hunter)                 Turns: 7406, Time: 00:02:56

Health: -10/91     AC:  9    Str: 15    XL:     10   Next: 27%
Magic:  9/9        EV: 17    Int:  6    God:
Gold:   448        SH:  0    Dex: 25    Spells: 9/9 levels left

rFire   + + .        Y - +1 orcbow (flame)
rCold   . . .        (shield currently unavailable)
rNeg    . . .        f - +3 leather armour {rF+}
rPois   .            (helmet restricted)
rElec   .            n - +0 cloak
rCorr   .            (no gloves)
SInv    .            m - +1 pair of boots
Will    .....        (no amulet)
Stlth   ++           d - +6 ring of dexterity
HPRegen 0.35/turn    e - ring of protection from fire
MPRegen 0.11/turn

%: no passive effects
@: no status effects
A: horns 2, retaliatory headbutt
a: no special abilities


You were on level 8 of the Dungeon.
You visited 2 branches of the dungeon, and saw 9 of its levels.
You also visited: Sewer.

You collected 448 gold pieces.


Innate Abilities, Weirdness & Mutations

You have a pair of horns on your head.
You reflexively headbutt those who attack you in melee.


   Skills:
 - Level 9.2 Fighting
 - Level 13.2 Ranged Weapons
 - Level 2.3 Armour
 + Level 7.0 Dodging
 - Level 0.7 Stealth


You had 9 spell levels left.
You didn't know any spells.
Your spell library was empty.

Inventory:

Hand Weapons
 Y - a +1 orcbow of flaming (weapon)
Armour
 f - a +3 leather armour of fire resistance (worn)
 m - a +1 pair of boots (worn)
 n - a +0 cloak (worn)
Jewellery
 d - a +6 ring of dexterity (left hand)
 e - a ring of protection from fire (right hand)
Scrolls
 j - a scroll of identify
Potions
 g - a potion of might
 i - 4 potions of curing

Dungeon Overview and Level Annotations

Branches:
Dungeon (8/15)             Temple (1/1) D:6           Sewer (visited)
   Lair: D:8-11

Altars:
Ashenzari
Dithmenos
Elyvilon
Gozag
Hepliaklqana
Kikubaaqudgha
Makhleb
Nemelex Xobeh
Qazlal
Ru
Sif Muna
Trog
Vehumet
Wu Jian
Yredelemnul
Zin
The Shining One

Annotations:
D:8 1 runed translucent door


Message History

The centaur warrior hits you but does no damage.
The centaur warrior completely misses you.
Your Ranged Weapons skill increases to level 13!
You have reached level 10!
You shoot an arrow. The arrow hits the centaur warrior.
The arrow burns the centaur warrior.
The centaur warrior is lightly wounded.
The troll closely misses you. The troll misses you. The troll claws you!
The centaur warrior hits you. The centaur warrior kicks you.
You shoot an arrow.
The arrow barely misses the centaur warrior.
The centaur warrior closely misses you. You furiously retaliate!
You headbutt the centaur warrior! The centaur warrior barely misses you.
The troll bites you! The troll closely misses you. x2
You shoot an arrow. The arrow hits the centaur warrior!
The arrow burns the centaur warrior.
The centaur warrior is heavily wounded.
The centaur warrior completely misses you.
The centaur warrior kicks you but does no damage.
The sky beast completely misses you. The troll bites you!
The troll claws you but does no damage. The troll claws you.
The centaur warrior hits you.
The centaur warrior kicks you but does no damage.
You shoot an arrow. The arrow hits the centaur warrior!
The arrow burns the centaur warrior.
The centaur warrior is almost dead.
The centaur warrior hits you. The centaur warrior barely misses you.
The sky beast closely misses you. The troll misses you.
The troll barely misses you. The troll completely misses you.
You shoot an arrow. The arrow hits the centaur warrior!
The arrow burns the centaur warrior.
You kill the centaur warrior!
The sky beast misses you. You furiously retaliate!
You headbutt the sky beast!
The troll misses you. x2; The troll barely misses you.
Your Fighting skill increases to level 9!
You shoot an arrow. The arrow hits the sky beast!
The arrow burns the sky beast.
The sky beast is severely wounded.
The sky beast barely misses you. You furiously retaliate!
You headbutt the sky beast. The troll bites you!
You die...

###......# #......# # #.......##
#......# # ......### #......# #
...#### #......####
################## ##..........
).......#........##.........)...)
.....>..#.........#..##.........#
.####'###......)TY..# ####...####
.# #.# #.......@## ##### .# #.#
#........# .# #.# #........# .#
#.# #..#.#...# # .#
##'###..._....# #
.###.......#.#...# #
.'.'....)....##### #
.###.........# # .# ##'########


You could see a troll and a sky beast.

Vanquished Creatures
  2 centaur warriors (D:8)
  A yak (D:8)
  A shadow (D:8)
  Eustachio (D:5)
  A steam dragon (D:6)
  An orc warrior (D:6)
  2 sky beasts (D:7)
  An ice beast (D:8)
  2 ogres
  2 centaurs
  A phantom (D:4)
  5 bullfrogs
  2 scorpions
  12 wights
  11 killer bees
  3 howler monkeys
  2 hounds (D:5)
  2 jellies
  5 orc priests
  A gnoll bouda (D:6)
  3 iguanas
  3 orc wizards
  7 gnolls
  A river rat (D:4)
  6 adders
  A shadow imp (D:6)
  A white imp (D:8)
  An ufetubus (D:6)
  2 worms
  3 dart slugs
  33 orcs
  13 endoplasms
  13 giant cockroaches
  3 hobgoblins
  7 jackals
  5 kobolds
  7 quokkas
  17 ball pythons
  11 bats
  10 frilled lizards
  9 goblins
  5 rats
219 creatures vanquished.

Notes
Turn   | Place    | Note
-------+----------+-------------------------------------------
     0 | D:1      | qw the Minotaur Hunter began the quest for the Orb.
     0 | D:1      | Reached XP level 1. HP: 18/18 MP: 0/0
     0 | D:1      | 0 ||| qw: Version: 0.2-a-122-gbc61b45
     0 | D:1      | 0 ||| qw: Game counter: 3521
     0 | D:1      | 0 ||| qw: Always use a shield: true
     0 | D:1      | 0 ||| qw: God list: Okawaru
     0 | D:1      | 0 ||| qw: Allow faded altars: false
     0 | D:1      | 0 ||| qw: Do Orc after D:15 true
     0 | D:1      | 0 ||| qw: Do second Lair branch before Depths: true
     0 | D:1      | 0 ||| qw: Lair rune preference: random
     0 | D:1      | 0 ||| qw: Plans: Normal
     0 | D:1      | 0 ||| PLANNING D:1-11
   282 | D:1      | Reached XP level 2. HP: 25/25 MP: 1/1
   294 | D:1      | Reached skill level 5 in Ranged Weapons
   338 | D:1      | Reached skill level 3 in Fighting
   679 | D:1      | Reached XP level 3. HP: 31/31 MP: 2/2
   857 | D:1      | 857 ||| READING scroll labelled GUCWEO UVVYNN.
   858 | D:1      | 858 ||| READING scroll labelled KIYGEIVVIAP.
   859 | D:1      | 859 ||| READING scroll labelled FUX DEESCHIDU.
   860 | D:1      | 860 ||| READING scroll labelled GIOB ZOOROKITH.
   915 | D:1      | 915 ||| READING 2 scrolls labelled JIEVUB FUAWKOC.
   916 | D:1      | 916 ||| READING scroll labelled HATIWOD COETU.
   917 | D:1      | 917 ||| READING scroll labelled ABLATS PIYFY.
   918 | D:1      | 918 ||| DROPPING scroll of butterflies.
  1234 | D:2      | Found a faded altar of an unknown god.
  1286 | D:2      | Reached XP level 4. HP: 38/38 MP: 3/3
  1362 | D:2      | Reached skill level 6 in Ranged Weapons
  1489 | D:2      | 1489 ||| UPGRADING to +0 ring mail.
  1499 | D:2      | 1499 ||| DROPPING +0 leather armour.
  1500 | D:2      | 1500 ||| DRINKING 2 sedimented blue potions.
  1727 | D:3      | Reached skill level 1 in Armour
  1779 | D:3      | Found an ornate altar of the Wu Jian Council.
  1785 | D:3      | Found a hazy altar of Hepliaklqana.
  1787 | D:3      | Found a shadowy altar of Dithmenos.
  1788 | D:3      | Noticed a shadow
  1860 | D:3      | Found a shimmering blue altar of Sif Muna.
  2446 | D:3      | 2446 ||| READING scroll labelled GOURGHU TECO.
  2447 | D:3      | 2447 ||| READING scroll labelled XONKACS LALYWK.
  2452 | D:3      | 2452 ||| READING 4 scrolls of identify.
  2452 | D:3      | 2452 ||| IDENTIFYING inky potion
  2453 | D:3      | 2453 ||| READING 3 scrolls of identify.
  2453 | D:3      | 2453 ||| IDENTIFYING pink potion
  2454 | D:3      | 2454 ||| READING 2 scrolls of identify.
  2454 | D:3      | 2454 ||| IDENTIFYING golden potion
  2455 | D:3      | 2455 ||| DROPPING potion of ambrosia.
  2456 | D:3      | 2456 ||| DROPPING potion of brilliance.
  2457 | D:3      | 2457 ||| DROPPING potion of magic.
  2557 | D:4      | 2557 ||| PLANNING SEWER
  2757 | D:4      | Found a glowing drain.
  2759 | D:4      | 2759 ||| UPGRADING to +6 ring of dexterity.
  2760 | D:4      | 2760 ||| DRINKING 2 bubbling orange potions.
  2780 | D:4      | 2780 ||| FLEEEEING.
  2890 | D:4      | 2890 ||| DROPPING potion of berserk rage.
  2906 | D:4      | Reached XP level 5. HP: 46/46 MP: 4/4
  2915 | Sewer    | Entered a sewer
  2952 | Sewer    | 2952 ||| Stepping ~*~*~tactically~*~*~ (water).
  2955 | Sewer    | 2955 ||| Stepping ~*~*~tactically~*~*~ (water).
  2960 | Sewer    | 2960 ||| Stepping ~*~*~tactically~*~*~ (water).
  2990 | Sewer    | 2990 ||| Stepping ~*~*~tactically~*~*~ (water).
  2996 | Sewer    | 2996 ||| Stepping ~*~*~tactically~*~*~ (water).
  2998 | Sewer    | 2998 ||| Stepping ~*~*~tactically~*~*~ (water).
  3017 | Sewer    | 3017 ||| Stepping ~*~*~tactically~*~*~ (water).
  3062 | Sewer    | 3062 ||| Stepping ~*~*~tactically~*~*~ (water).
  3088 | Sewer    | 3088 ||| Stepping ~*~*~tactically~*~*~ (water).
  3097 | Sewer    | 3097 ||| Stepping ~*~*~tactically~*~*~ (water).
  3106 | Sewer    | 3106 ||| Stepping ~*~*~tactically~*~*~ (water).
  3126 | Sewer    | 3126 ||| Stepping ~*~*~tactically~*~*~ (water).
  3130 | Sewer    | 3130 ||| Stepping ~*~*~tactically~*~*~ (water).
  3138 | Sewer    | Reached skill level 7 in Ranged Weapons
  3141 | Sewer    | Reached skill level 3 in Dodging
  3141 | Sewer    | Reached XP level 6. HP: 16/52 MP: 5/5
  3276 | Sewer    | 3276 ||| DROPPING scarf of invisibility.
  3277 | Sewer    | 3277 ||| READING scroll labelled ELOM APADEOFUIN.
  3291 | D:4      | 3291 ||| PLANNING D:1-11
  3514 | D:4      | 3514 ||| READING scroll labelled GANTOZUKETH.
  3515 | D:4      | 3515 ||| READING 3 scrolls of identify.
  3515 | D:4      | 3515 ||| IDENTIFYING red potion
  3532 | D:5      | Entered Level 5 of the Dungeon
  3848 | D:5      | Identified the +10 sling "Sarcophage" {flame, rN+ Str+2}
  3850 | D:5      | 3850 ||| SWAPPING to +10 sling "Sarcophage" {flame, rN+
                  | Str+2}.
  3851 | D:5      | 3851 ||| DROPPING +1 shortbow.
  3872 | D:5      | Reached skill level 8 in Ranged Weapons
  3919 | D:5      | Reached XP level 7. HP: 60/60 MP: 6/6
  4312 | D:5      | Noticed Eustachio
  4328 | D:5      | Killed Eustachio
  4554 | D:5      | 4554 ||| UPGRADING to +3 leather armour of fire resistance.
  4564 | D:5      | 4564 ||| DROPPING +0 ring mail.
  4565 | D:5      | 4565 ||| READING 2 scrolls of identify.
  4565 | D:5      | 4565 ||| IDENTIFYING fuming dark potion
  4566 | D:5      | 4566 ||| DROPPING potion of enlightenment.
  4620 | D:6      | 4620 ||| Stepping ~*~*~tactically~*~*~ (outnumbered).
  4633 | D:6      | Reached skill level 9 in Ranged Weapons
  4668 | D:6      | Reached XP level 8. HP: 70/70 MP: 7/7
  4760 | D:6      | Reached skill level 6 in Fighting
  5028 | D:6      | Found a staircase to the Ecumenical Temple.
  5029 | D:6      | 5029 ||| PLANNING TEMPLE
  5029 | D:6      | 5029 ||| UPGRADING to ring of protection from fire.
  5038 | Temple   | Entered the Ecumenical Temple
  5207 | Temple   | 5207 ||| PLANNING D:1-11
  5447 | D:6      | Reached skill level 10 in Ranged Weapons
  5800 | D:7      | Found a flagged portal.
  5801 | D:7      | 5801 ||| Stepping ~*~*~tactically~*~*~ (water).
  5840 | D:7      | 5840 ||| SWAPPING to +0 orcbow.
  5852 | D:7      | Reached skill level 11 in Ranged Weapons
  5852 | D:7      | 5852 ||| FLEEEEING.
  5853 | D:7      | 5853 ||| FLEEEEING.
  5854 | D:7      | 5854 ||| FLEEEEING.
  5855 | D:7      | 5855 ||| FLEEEEING.
  5856 | D:7      | 5856 ||| FLEEEEING.
  5857 | D:7      | 5857 ||| FLEEEEING.
  5858 | D:7      | 5858 ||| FLEEEEING.
  5859 | D:7      | 5859 ||| FLEEEEING.
  5860 | D:7      | 5860 ||| FLEEEEING.
  5861 | D:7      | 5861 ||| FLEEEEING.
  5862 | D:7      | 5862 ||| FLEEEEING.
  5863 | D:7      | 5863 ||| FLEEEEING.
  5864 | D:7      | 5864 ||| FLEEEEING.
  5865 | D:7      | 5865 ||| FLEEEEING.
  5867 | D:7      | 5867 ||| FLEEEEING.
  5868 | D:7      | 5868 ||| FLEEEEING.
  5869 | D:7      | 5869 ||| FLEEEEING.
  5870 | D:7      | 5870 ||| FLEEEEING.
  5871 | D:7      | 5871 ||| FLEEEEING.
  5872 | D:7      | 5872 ||| FLEEEEING.
  5873 | D:7      | 5873 ||| FLEEEEING.
  5874 | D:7      | 5874 ||| FLEEEEING.
  5875 | D:7      | 5875 ||| FLEEEEING.
  5876 | D:7      | 5876 ||| FLEEEEING.
  5877 | D:7      | 5877 ||| FLEEEEING.
  5878 | D:7      | 5878 ||| FLEEEEING.
  5879 | D:7      | 5879 ||| STAIRDANCE
  5895 | D:6      | Reached XP level 9. HP: 48/79 MP: 8/8
  5989 | D:6      | 5989 ||| DROPPING ring of flight.
  6176 | D:7      | Reached skill level 6 in Dodging
  6254 | D:7      | 6254 ||| READING scroll of enchant weapon.
  6254 | D:7      | 6254 ||| ENCHANTING +0 orcbow.
  6558 | D:7      | 6558 ||| UPGRADING to +0 pair of boots.
  6563 | D:7      | 6563 ||| UPGRADING to +0 cloak.
  6568 | D:7      | 6568 ||| READING scroll of enchant armour.
  6568 | D:7      | 6568 ||| ENCHANTING +0 pair of boots.
  6569 | D:7      | 6569 ||| READING scroll labelled UROTZU USAOBU.
  6570 | D:7      | 6570 ||| DROPPING +10 sling "Sarcophage" {flame, rN+
                  | Str+2}.
  6571 | D:7      | 6571 ||| READING scroll labelled QUTAEDIGAE.
  6572 | D:7      | 6572 ||| READING 3 scrolls of identify.
  6572 | D:7      | 6572 ||| IDENTIFYING cyan potion
  6573 | D:7      | 6573 ||| READING 2 scrolls of identify.
  6573 | D:7      | 6573 ||| IDENTIFYING silvery potion
  6574 | D:7      | 6574 ||| DROPPING potion of degeneration.
  6596 | D:8      | 6596 ||| Stepping ~*~*~tactically~*~*~ (outnumbered).
  6664 | D:8      | Noticed a centaur warrior
  6664 | D:8      | Noticed an efreet
  6664 | D:8      | Noticed a manticore
  6665 | D:8      | Found a runed translucent door.
  6667 | D:8      | Noticed an efreet
  6667 | D:8      | Noticed a centaur warrior
  6667 | D:8      | Noticed a centaur warrior
  6667 | D:8      | Noticed a deep elf pyromancer
  6667 | D:8      | Identified the staff of air "Kicufuv" {rElec rF+ rC+}
  6667 | D:8      | Noticed a yaktaur
  6709 | D:8      | Reached skill level 12 in Ranged Weapons
  6715 | D:8      | HP: 17/79 [killer bee (5)]
  6716 | D:8      | 6716 ||| DRINKING potion of heal wounds.
  6721 | D:8      | HP: 19/79 [poisoned by a killer bee]
  6726 | D:8      | HP: 14/79 [poisoned by a killer bee]
  7104 | D:8      | 7104 ||| FLEEEEING.
  7105 | D:8      | 7105 ||| FLEEEEING.
  7106 | D:8      | 7106 ||| FLEEEEING.
  7107 | D:8      | 7107 ||| FLEEEEING.
  7108 | D:8      | 7108 ||| FLEEEEING.
  7109 | D:8      | 7109 ||| FLEEEEING.
  7110 | D:8      | 7110 ||| FLEEEEING.
  7111 | D:8      | 7111 ||| FLEEEEING.
  7114 | D:8      | 7114 ||| FLEEEEING.
  7115 | D:8      | 7115 ||| FLEEEEING.
  7121 | D:8      | 7121 ||| FLEEEEING.
  7122 | D:8      | 7122 ||| FLEEEEING.
  7123 | D:8      | 7123 ||| FLEEEEING.
  7125 | D:8      | 7125 ||| FLEEEEING.
  7126 | D:8      | 7126 ||| FLEEEEING.
  7127 | D:8      | 7127 ||| FLEEEEING.
  7130 | D:8      | 7130 ||| FLEEEEING.
  7131 | D:8      | 7131 ||| FLEEEEING.
  7132 | D:8      | 7132 ||| FLEEEEING.
  7133 | D:8      | 7133 ||| FLEEEEING.
  7134 | D:8      | 7134 ||| FLEEEEING.
  7135 | D:8      | 7135 ||| FLEEEEING.
  7136 | D:8      | 7136 ||| FLEEEEING.
  7137 | D:8      | 7137 ||| FLEEEEING.
  7138 | D:8      | 7138 ||| FLEEEEING.
  7139 | D:8      | 7139 ||| FLEEEEING.
  7140 | D:8      | 7140 ||| FLEEEEING.
  7144 | D:8      | 7144 ||| FLEEEEING.
  7145 | D:8      | 7145 ||| FLEEEEING.
  7146 | D:8      | 7146 ||| FLEEEEING.
  7147 | D:8      | 7147 ||| FLEEEEING.
  7148 | D:8      | 7148 ||| FLEEEEING.
  7149 | D:8      | 7149 ||| FLEEEEING.
  7150 | D:8      | 7150 ||| FLEEEEING.
  7151 | D:8      | 7151 ||| FLEEEEING.
  7223 | D:8      | Identified the staff of poison "Tilodwyo" {rPois Int+2}
  7333 | D:8      | 7333 ||| Stepping ~*~*~tactically~*~*~ (outnumbered).
  7336 | D:8      | Found a broken altar of Ashenzari.
  7390 | D:8      | Noticed a centaur warrior
  7393 | D:8      | Noticed a troll
  7395 | D:8      | Noticed a centaur warrior
  7400 | D:8      | Killed a centaur warrior
  7401 | D:8      | Reached skill level 13 in Ranged Weapons
  7401 | D:8      | Reached XP level 10. HP: 43/88 MP: 9/9
  7402 | D:8      | HP: 18/88 [troll (14)]
  7403 | D:8      | HP: 6/88 [centaur warrior (3)]
  7404 | D:8      | HP: 1/88 [centaur warrior (6)]
  7405 | D:8      | Killed a centaur warrior
  7406 | D:8      | Reached skill level 9 in Fighting
  7406 | D:8      | Mangled by a troll

Levels and vault maps discovered:
D:1:      minmay_arrival_stair_chambers, layout_loops_corners, st_stairs_11
D:2:      layout_loops_cross, ebering_ecumenical_altar_abandoned,
          minmay_tetromino_o2
D:3:      layout_basic, riverfiend_overflow_shadow_ancestor,
          mainiacjoe_overflow_paths, nicolae_sif_muna_little_library,
          glass_columns_a
D:4:      layout_basic, cheibrodos_sewer_entry_sluice
D:5:      layout_basic, minmay_misc_feat_tiny, uniq_eustachio
D:6:      layout_loops_ring, minmay_temple_entry_fiery
D:7:      cheibrodos_quashed, layout_basic, enter_bailey_3
D:8:      minmay_gate_of_8, layout_basic, ashenzari_altar_1, special_room
          [special_room_orc], serial_curves, eino_curves_02, eino_curves_04,
          nicolae_concentric_dashed_squares_wild,
          amcnicky_mini_rare_corridor_liquid, minmay_pinched_square
Temple:   nicolae_temple_slightly_damp_pantheon

Skill      XL: |  1  2  3  4  5  6  7  8  9 10 |
---------------+-------------------------------+-----
Ranged Weapons | 5 6 7 8 9 11 13 | 13.2
Fighting       | 3 4 5 7 8 9 |  9.2
Armour         | 1 2 |  2.3
Dodging        | 3 4 5 7 |  7.0
Stealth        | |  0.7

Action                     |  1- 3 |  4- 6 |  7- 9 | 10-12 || total
---------------------------+-------+-------+-------+-------++-------
   Fire: Shortbow          |    99 |   173 |       |       ||   272
         Sling             |       |     7 |   103 |       ||   110
         Orcbow            |       |       |   181 |     6 ||   187
    Use: Scroll            |     7 |     8 |     7 |       ||    22
         Potion            |       |     2 |     1 |       ||     3
 Armour: Leather armour    |     8 |     2 |    34 |     3 ||    47
         Ring mail         |       |    16 |     7 |       ||    23
  Dodge: Dodged            |    31 |    31 |   129 |    18 ||   209

Table legend:
 A = Non-vault XP
 B = Vault XP
 C = Vault XP percentage of total XP
 D = Non-vault monster count
 E = Vault monster count
 F = Vault count percentage of total count
                 A         B        C        D         E       F
            +---------+---------+-------+---------+---------+-------
      Total |    4384 |    2666 |  37.8 |     157 |      62 |  28.3
            +---------+---------+-------+---------+---------+-------
        D:1 |      35 |       8 |  18.6 |      20 |       4 |  16.7
        D:2 |      57 |       2 |   3.4 |      19 |       1 |   5.0
        D:3 |      74 |       0 |   0.0 |      21 |       0 |   0.0
        D:4 |     115 |      21 |  15.4 |       6 |       3 |  33.3
        D:5 |     327 |     202 |  38.2 |       9 |       1 |  10.0
        D:6 |    1151 |       0 |   0.0 |      33 |       0 |   0.0
        D:7 |    1360 |       8 |   0.6 |      20 |       4 |  16.7
        D:8 |    1265 |    2170 |  63.2 |      29 |      12 |  29.3
      Sewer |       0 |     255 | 100.0 |       0 |      37 | 100.0
            +---------+---------+-------+---------+---------+-------
